 Dungeon Crawl Stone Soup version 0.23.0-3-gf3c87f2df8 (webtiles) character file.

Game seed: 13626423632293315108

3468 Kisielow the Grappler (level 9, -3/91 HPs)
             Began as a Troll Chaos Knight on Feb 23, 2019.
             Was a Plaything of Xom.
             Slain by a polar bear (18 damage)
             ... on level 9 of the Dungeon.
             The game lasted 00:12:38 (5922 turns).

Kisielow the Grappler (Troll Chaos Knight)          Turns: 5922, Time: 00:12:40

Health: -3/91      AC: 12    Str: 25    XL:     9   Next: 79%
Magic:  8/8        EV: 12    Int: 13    God:    Xom [......]
Gold:   372        SH:  0    Dex:  9    Spells: 6/8 levels left

rFire    x . .     SeeInvis .     - Unarmed
rCold    + + .     Gourm    +   (no shield)
rNeg     . . .     Faith    .   a - +2 robe
rPois    +         Spirit   .   m - +4 hat of Muafec {rF- rC+ Regen+ Int+5}
rElec    .         Reflect  .   (no cloak)
rCorr    .         Harm     .   (gloves unavailable)
MR       .....                  (boots unavailable)
Stlth    +.........             (no amulet)
HPRegen  1.05/turn              c - ring of protection from cold
MPRegen  0.11/turn              u - ring of poison resistance

@: hasted, very quick
A: large, unfitting armour, claws 3, hooves 1, fast metabolism 3, gourmand,
regeneration 1, shaggy fur 1, tough skin 3, sturdy frame 1
a: Renounce Religion


You were on level 9 of the Dungeon.
You worshipped Xom.
You were a very special plaything of Xom.
You were completely stuffed.

You visited 2 branches of the dungeon, and saw 10 of its levels.

You collected 372 gold pieces.

Inventory:

Armour
 a - a +2 robe (worn)
 m - the +4 hat of Muafec (worn) {rF- rC+ Regen+ Int+5}
   (Xom gifted it to you on level 3 of the Dungeon)

   It affects your intelligence (+5).
   It makes you vulnerable to fire.
   It protects you from cold.
   It increases your rate of regeneration.
Jewellery
 c - a ring of protection from cold (left claw)
 u - a ring of poison resistance (right claw)
Wands
 p - a wand of enslavement (6)
Scrolls
 d - 4 scrolls of identify
 g - 2 scrolls of blinking
 l - a scroll of enchant armour
 n - 5 scrolls of remove curse
 q - a scroll of enchant weapon
 r - a scroll of magic mapping
 t - a scroll of teleportation
Potions
 e - 4 potions of flight
 f - 3 potions of agility
 h - a potion of ambrosia
 i - 4 potions of curing
 j - 3 potions of might
 k - 2 potions of brilliance
 o - a potion of haste
 s - a potion of berserk rage
Comestibles
 b - 29 rations
 v - 3 chunks of flesh


   Skills:
 + Level 6.3 Fighting
 + Level 6.1 Dodging
 * Level 10.4 Unarmed Combat


You had 6 spell levels left.
You knew the following spells:

 Your Spells              Type           Power        Failure   Level  Hunger
a - Call Imp              Summ           #.......     43%         2    ###....

Your spell library contained the following spells:

 Spells                   Type           Power        Failure   Level  Hunger
 Corona                   Hex            #......      30%         1    ##.....
 Summon Small Mammal      Summ           #...         30%         1    ##.....
 Slow                     Hex            #.......     43%         2    ###....
 Call Canine Familiar     Summ           #.......     67%         3    ####...
 Inner Flame              Hex/Fire       #.......     67%         3    ####...
 Portal Projectile        Hex/Tloc       #.....       67%         3    ####...
 Summon Guardian Golem    Hex/Summ       #.......     67%         3    ####...
 Cause Fear               Hex            #.........   97%         4    #####..
 Leda's Liquefaction      Hex/Erth       #.........   97%         4    #####..
 Summon Ice Beast         Ice/Summ       #.......     97%         4    #####..
 Summon Lightning Spire   Summ/Air       #.......     97%         4    #####..


Dungeon Overview and Level Annotations

Branches:
Dungeon (9/15)             Temple (1/1) D:6            Lair (0/6) D:8
    Orc: D:9-12

Altars:
Ashenzari
Cheibriados
Dithmenos
Elyvilon
Fedhas
Gozag
Hepliaklqana
Kikubaaqudgha
Makhleb
Nemelex Xobeh
Okawaru
Qazlal
Ru
Sif Muna
Trog
Uskayaw
Vehumet
Wu Jian
Xom
Yredelemnul
Zin
The Shining One


Innate Abilities, Weirdness & Mutations

You are too large for most types of armour.
You have claws for hands.
Your metabolism is lightning-fast.
You like to eat raw meat.
Your natural rate of healing is unusually fast.
You are covered in fur. (AC +1)
You have extremely tough skin. (AC +3)
You have large cloven feet.
Your movements are slightly less encumbered by armour. (ER -2)


Message History

The centaur hits you but does no damage.
You are too injured to fight recklessly!
You are too injured to fight recklessly!
You are too injured to fight recklessly!
You are too injured to fight recklessly!
You are too injured to fight recklessly!
You are too injured to fight recklessly!
You are too injured to fight recklessly!
You are too injured to fight recklessly!
You are too injured to fight recklessly!
You are too injured to fight recklessly!
Unknown command.
You feel yourself speed up. The polar bear bites you!!
* * * LOW HITPOINT WARNING * * *
The polar bear claws you.
* * * LOW HITPOINT WARNING * * *
The polar bear misses you.
The quokka bites you but does no damage.
The centaur barely misses you. The polar bear bites you!!
You die...

#.........###
####......#..#..
#...............
#......8.......8
#...............
#.......5.......
#.......rc....#
#..$....@h.#
#.......(..#
#####..#####
#####.####
#........#
#........###
#..........#
####+#####
#........#.#
#.........
#........#
?####.####...


You could see a polar bear (berserk), a centaur, an ufetubus and a quokka.

Vanquished Creatures
  A hornet (D:8)
  A spriggan (D:8)
  Eustachio (D:5)
  An orc warrior (D:7)
  A slave (D:9)
  3 ice beasts
  A black bear (D:8)
  A sky beast (D:6)
  2 phantoms
  2 centaurs
  2 ogres
  5 bullfrogs
  A wyvern skeleton (D:9)
  A water moccasin skeleton (D:6)
  3 scorpions
  8 wights
  3 crimson imps
  A jelly (D:8)
  A gnoll shaman (D:6)
  2 hounds
  A bullfrog skeleton (D:9)
  4 orc priests
  Jessica (D:2)
  4 worker ants
  6 orc wizards
  Ijyb (D:5)
  7 gnolls
  A howler monkey skeleton (D:8)
  13 adders
  A shadow imp (D:7)
  A white imp (D:9)
  An ufetubus (D:9)
  2 adder zombies
  An adder skeleton (D:8)
  2 worms (D:2)
  3 dart slugs
  A leopard gecko (D:8)
  37 orcs
  7 giant cockroaches
  8 goblins
  7 hobgoblins
  2 jackals (D:6)
  7 kobolds
  3 quokkas
  13 bats
  7 frilled lizards
  A jackal simulacrum (D:9)
  A jackal skeleton (D:9)
  A leopard gecko skeleton (D:7)
  A quokka skeleton (D:4)
  3 rats
189 creatures vanquished.

Vanquished Creatures (others)
  Pikel (D:9)
  A slave (D:9)
  An orc wizard (D:7)
3 creatures vanquished.

Grand Total: 192 creatures vanquished

Notes
Turn   | Place    | Note
-------+----------+-------------------------------------------
     0 | D:1      | Kisielow the Troll Chaos Knight began the quest for the
                  | Orb.
     0 | D:1      | Reached XP level 1. HP: 22/22 MP: 0/0
   144 | D:1      | Reached XP level 2. HP: 25/29 MP: 1/1
   557 | D:1      | XOM: summons 1 hostile demon
   558 | D:1      | Noticed a crimson imp
   719 | D:2      | XOM is BORED!
   733 | D:2      | Reached XP level 3. HP: 13/36 MP: 2/2
   980 | D:2      | Reached skill level 4 in Unarmed Combat
  1045 | D:2      | XOM: harmless Ice miscast
  1111 | D:2      | Noticed Jessica
  1117 | D:2      | Killed Jessica
  1117 | D:2      | Reached XP level 4. HP: 39/44 MP: 3/3
  1398 | D:2      | XOM: give mutation
  1398 | D:2      | Gained mutation: You are clumsy. (Dex -2) [Xom's mischief]
  1683 | D:3      | Reached XP level 5. HP: 53/53 MP: 4/4
  1705 | D:3      | XOM: god gift: encrusted hat {god gift}
  1708 | D:3      | Got an encrusted hat {god gift}
  1727 | D:3      | Identified the +4 hat of Muafec {rF- rC+ Regen+ Int+5} (Xom
                  | gifted it to you on level 3 of the Dungeon)
  1872 | D:3      | Reached skill level 5 in Unarmed Combat
  2017 | D:3      | XOM: summons 1 hostile demon
  2279 | D:3      | XOM: summons 2 hostile shadow creatures
  2430 | D:3      | Reached XP level 6. HP: 54/61 MP: 5/5
  2446 | D:4      | XOM: potion effect (brilliance)
  2481 | D:4      | Found a stormy altar of Qazlal.
  2518 | D:4      | XOM: harmless Necr miscast
  2734 | D:4      | XOM: divination: detect creatures
  2923 | D:5      | Entered Level 5 of the Dungeon
  2968 | D:5      | XOM: enchant monster (bad)
  3015 | D:5      | XOM: god gift: 37 gold pieces
  3037 | D:5      | Noticed Ijyb
  3042 | D:5      | Killed Ijyb
  3042 | D:5      | Reached skill level 6 in Unarmed Combat
  3070 | D:5      | Identified the +4 hand axe "Ycladougra" {chop, rPois Str+2}
  3083 | D:5      | Reached XP level 7. HP: 60/68 MP: 6/6
  3313 | D:5      | Noticed Eustachio
  3320 | D:5      | XOM: polymorph crimson imp -> quasit
  3323 | D:5      | XOM: fog
  3327 | D:5      | Killed Eustachio
  3353 | D:5      | Learned a level 2 spell: Call Imp
  3382 | D:5      | XOM: summons 2 hostile shadow creatures
  3509 | D:6      | Found a staircase to the Ecumenical Temple.
  3527 | Temple   | Entered the Ecumenical Temple
  3559 | Temple   | XOM: cloud trail
  3746 | Temple   | XOM is BORED!
  3746 | Temple   | XOM: noise
  3766 | D:6      | XOM: divination: magic mapping
  3780 | D:6      | Reached skill level 7 in Unarmed Combat
  3800 | D:6      | Reached XP level 8. HP: 72/79 MP: 7/7
  3857 | D:6      | XOM: potion effect (agility)
  3997 | D:6      | XOM: scenery: create altars
  3998 | D:6      | XOM: chaos cloud
  4007 | D:6      | XOM: noise
  4012 | D:6      | Reached skill level 8 in Unarmed Combat
  4140 | D:6      | Reached skill level 5 in Fighting
  4341 | D:7      | Reached skill level 5 in Dodging
  4349 | D:7      | XOM: chaos upgrade
  4640 | D:7      | XOM: medium Fire miscast
  4783 | D:7      | XOM: 7-stop teleportation journey
  4796 | D:7      | Reached skill level 9 in Unarmed Combat
  4796 | D:7      | Reached XP level 9. HP: 67/88 MP: 8/8
  4891 | D:7      | XOM: mild Air miscast
  5032 | D:7      | Lost mutation: You are clumsy. (Dex -2) [potion of
                  | mutation]
  5032 | D:7      | Gained mutation: You evolve. [potion of mutation]
  5032 | D:7      | Gained mutation: Your system is resistant to poisons.
                  | (rPois) [potion of mutation]
  5032 | D:7      | Gained mutation: You expend magic power (3 MP) to
                  | strengthen your wands. [potion of mutation]
  5033 | D:7      | Lost mutation: You expend magic power (3 MP) to strengthen
                  | your wands. [potion of mutation]
  5033 | D:7      | Lost mutation: Your system is resistant to poisons. (rPois)
                  | [potion of mutation]
  5033 | D:7      | Gained mutation: Your spells are a little harder to cast,
                  | but a little more powerful. [potion of mutation]
  5034 | D:7      | Gained mutation: You have large cloven feet. [potion of
                  | mutation]
  5034 | D:7      | Gained mutation: Your movements are slightly less
                  | encumbered by armour. (ER -2) [potion of mutation]
  5159 | D:7      | XOM: give mutation
  5159 | D:7      | Lost mutation: You evolve. [Xom's mischief]
  5191 | D:8      | XOM: severe Erth miscast
  5192 | D:8      | Found an opulent altar of Gozag.
  5311 | D:8      | XOM: give mutation
  5311 | D:8      | Lost mutation: Your spells are a little harder to cast, but
                  | a little more powerful. [Xom's mischief]
  5423 | D:8      | XOM: chaos upgrade
  5532 | D:8      | XOM: swap monsters
  5538 | D:8      | Reached skill level 10 in Unarmed Combat
  5542 | D:8      | Found a glowing silver altar of Zin.
  5568 | D:8      | Found a staircase to the Lair.
  5816 | D:9      | Noticed Pikel
  5825 | D:9      | Killed Pikel
  5825 | D:9      | XOM: divine lightning
  5910 | D:9      | Noticed a polar bear
  5922 | D:9      | Slain by a polar bear

Skill      XL: |  1  2  3  4  5  6  7  8  9 |
---------------+----------------------------+-----
Dodging        | 2 3 4 5 6 |  6.1
Unarmed Combat | 4 5 6 7 9 10 | 10.4
Fighting       | 3 4 5 6 |  6.3

Action                   |  1- 3 |  4- 6 |  7- 9 || total
-------------------------+-------+-------+-------++-------
Melee: Unarmed           |    93 |   210 |   297 ||   600
       Punch             |     2 |     3 |     6 ||    11
       Kick              |       |       |    20 ||    20
  Use: Potion            |     2 |       |     4 ||     6
       Scroll            |       |     9 |    10 ||    19
 Stab: Sleeping          |       |       |     1 ||     1
       Distracted        |       |       |     1 ||     1
  Eat: Chunk             |    14 |    20 |    26 ||    60
Armor: Robe              |    31 |   103 |   156 ||   290
Dodge: Dodged            |    53 |   129 |   157 ||   339
